 Dungeon Sprint DCSS version 0.28-a0-1387-g3a22ab9bdc (webtiles) character file.

Game seed: 6938333765308692336

641 mhtbhm the Fighter (level 7, 0/53 HPs)
             Began as a Gargoyle Berserker on Jan 2, 2022.
             Was an Elder of Trog.
             Slain by a neqoxec (10 damage)
             ... in the Dungeon (Sprint II: "The Violet Keep of Menkaure").
             The game lasted 00:00:31 (465 turns).

mhtbhm the Fighter (Gargoyle Berserker)              Turns: 465, Time: 00:00:32

Health: 0/53       AC:  7    Str: 23    XL:     7   Next: 51%
Magic:  7/7        EV: 12    Int:  7    God:    Trog [****..]
Gold:   486        SH:  0    Dex:  7    Spells: 6/6 levels left

rFire   . . .      SeeInvis .   a - +0 mace
rCold   . . .      Faith    .   (no shield)
rNeg    + . .      Spirit   .   b - +0 animal skin
rPois   ∞          Reflect  .   (no helmet)
rElec   +          Harm     .   (no cloak)
rCorr   .          Rampage  .   (no gloves)
Will    +....      NoTele   +   (no boots)
Stlth   +.........              (no amulet)
HPRegen 0.17/turn               (no ring)
MPRegen 0.10/turn               (no ring)

@: on berserk cooldown, slowed, very slow
A: sickness immunity, AC +4, negative energy resistance 1, electricity
resistance, torment resistance 1, petrification resistance, clumsy 1,
strong-willed 1
a: Renounce Religion, Berserk, Trog's Hand, Brothers in Arms


You were in the Dungeon.
You worshipped Trog.
Trog was greatly pleased with you.
You visited 1 branch You collected 486 gold pieces.

Inventory:

Hand Weapons
 a - a +0 mace (weapon)
Armour
 b - a +0 animal skin (worn)
Scrolls
 h - a scroll of blinking
Potions
 c - a potion of curing
 d - a potion of heal wounds
 e - a potion of haste
 f - 2 potions of magic
 g - a potion of berserk rage


   Skills:
 + Level 10.8 Fighting
 + Level 10.8 Maces & Flails
 + Level 6.0 Armour
 + Level 4.6 Dodging


You had 6 spell levels left.
You didn't know any spells.
Your spell library was empty.

Dungeon Overview and Level Annotations

Branches:
Dungeon (1/1)

Altars:


Innate Abilities, Weirdness & Mutations

You are immune to sickness and miasma.
Your stone body is resilient. (AC +4)
You are immune to poison.
You resist negative energy. (rN+)
You are resistant to electric shocks. (rElec)
You are resistant to unholy torment.
You are immune to petrification.
You are clumsy. (Dex -2)
You are strong-willed. (Will+)


Message History

You closely miss the neqoxec.
You are no longer berserk.
You are exhausted.
You feel yourself slow down. The neqoxec barely misses you.
You hit the neqoxec.
The neqoxec is lightly wounded.
The neqoxec gestures at you.
Something tries to feed on your intellect!
You hit the neqoxec.
The neqoxec is lightly wounded.
The neqoxec gestures at you.
Something tries to feed on your intellect!
You sock the neqoxec!
The neqoxec is heavily wounded.
The neqoxec barely misses you.
You hit the neqoxec but do no damage.
The neqoxec is heavily wounded.
The neqoxec hits you! x2
You are too injured to fight recklessly!
You are too injured to fight recklessly!
You are too injured to fight recklessly!
You are too injured to fight recklessly!
You are too injured to fight recklessly!
You are too injured to fight recklessly!
You are too injured to fight recklessly!
You are too injured to fight recklessly!
You are too injured to fight recklessly!
You are too injured to fight recklessly!
You closely miss the neqoxec.
The neqoxec is heavily wounded.
The neqoxec hits you!
* * * LOW HITPOINT WARNING * * *
You closely miss the neqoxec.
The neqoxec is heavily wounded.
The neqoxec hits you.
* * * LOW HITPOINT WARNING * * *
You hit the neqoxec but do no damage.
The neqoxec is heavily wounded.
The neqoxec hits you!
You die...

## ###
#.##..# ##
#.3.# ## #.#
#@# .##
###.##.###..#
+.##†.<.'.#
#...##.###..#
##.###+# .##
###


B#B ## .. .. ##. $## ## ## You could see a neqoxec.

Vanquished Creatures
  3 neqoxecs (D)
  4 scorpions (D)
  3 worms (D)
10 creatures vanquished.

Notes
Turn   | Place    | Note
-------+----------+-------------------------------------------
     0 | D        | mhtbhm the Gargoyle Berserker began the quest for the Orb.
     0 | D        | Reached XP level 1. HP: 14/14 MP: 1/1
     1 | D        | Noticed a scorpion
     1 | D        | Noticed a scorpion
     5 | D        | Killed a scorpion
     6 | D        | Reached skill level 5 in Maces & Flails
     6 | D        | Reached XP level 2. HP: 20/22 MP: 2/2
     6 | D        | Reached XP level 3. HP: 25/27 MP: 3/3
     6 | D        | Reached XP level 4. HP: 30/32 MP: 4/4
    10 | D        | Killed a scorpion
    11 | D        | Reached XP level 5. HP: 27/38 MP: 5/5
   172 | D        | Reached ** piety under Trog
   179 | D        | Reached XP level 6. HP: 43/45 MP: 6/6
   271 | D        | Reached *** piety under Trog
   438 | D        | Noticed a boulder beetle
   438 | D        | Noticed a boulder beetle
   442 | D        | Noticed a neqoxec
   442 | D        | Noticed a neqoxec
   442 | D        | Noticed a neqoxec
   442 | D        | Noticed a neqoxec
   447 | D        | Gained mutation: You are clumsy. (Dex -2) [a neqoxec]
   448 | D        | Killed a neqoxec
   448 | D        | Gained mutation: You are strong-willed. (Will+) [a neqoxec]
   449 | D        | Reached skill level 5 in Armour
   452 | D        | Killed a neqoxec
   453 | D        | Reached skill level 10 in Fighting
   453 | D        | Reached skill level 10 in Maces & Flails
   453 | D        | Reached XP level 7. HP: 53/53 MP: 7/7
   456 | D        | Killed a neqoxec
   456 | D        | Reached **** piety under Trog
   465 | D        | Slain by a neqoxec

Illustrated notes

Levels and vault maps discovered:
D:        the_violet_keep_of_menkaure [sprint2_stairs_cluster_1,
          sprint2_shoproom, sprint2_temple, sprint2_basic_supplies,
          sprint2_obstacle_5, sprint2_obstacle_4, sprint2_obstacle_7,
          sprint2_obstacle_3, sprint2_obstacle_6, sprint2_timed_cluster_1,
          sprint2_smallroom_cluster_1, sprint2_smallroom_final_cluster_1,
          sprint2_transparent_cluster_1, sprint2_second_timed_cluster_1,
          sprint2_sniper_area_1, sprint2_heavy_combat_area_1,
          sprint2_mutation_trap_area_1, sprint2_forest_area_1,
          sprint2_light_combat_area_1, sprint2_behind_water_1,
          sprint2_near_end_vault_1]

Skill      XL: |  1  2  3  4  5  6  7 |
---------------+----------------------+-----
Fighting       | 6 7 8 10 | 10.8
Maces & Flails | 5 6 8 10 | 10.8
Armour         | 3 4 5 6 |  6.0
Dodging        | 2 3 4 |  4.6

Action                   |  1- 3 |  4- 6 |  7- 9 || total
-------------------------+-------+-------+-------++-------
Melee: Mace              |     3 |    32 |    12 ||    47
Invok: Berserk           |     1 |     2 |       ||     3
Armor: Animal skin       |       |     2 |       ||     2
Dodge: Dodged            |     1 |     8 |     5 ||    14

Table legend: (Time is in decaauts)
 A = Elapsed time spent in this place.
 B = Non-inter-level travel time spent in this place.
 C = Inter-level travel time spent in this place.
 D = Time resting spent in this place.
 E = Time spent auto-exploring this place.
 F = Levels seen in this place.
 G = Mean time per level.
                   A        B        C        D        E       F      G
               +--------+--------+--------+--------+--------+-----+--------+
         Total |    476 |    476 |      0 |    396 |      0 |   1 |  476.0 |
       Dungeon |    476 |    476 |      0 |    396 |      0 |   1 |  476.0 |
               +--------+--------+--------+--------+--------+-----+--------+

Top non-repeatable levels by time:
       D: 476 daAuts
